 Dungeon Crawl Stone Soup version 0.21.0-25-ge575cb9 (webtiles) character file.

1865 garbagetei the Shield-Bearer (level 9, 0/68 HPs)
             Began as a Formicid Fighter on Jan 26, 2018.
             Was a Follower of Okawaru.
             Slain by a bullfrog (4 damage)
             ... on level 7 of the Dungeon.
             The game lasted 00:16:51 (7729 turns).

garbagetei the Shield-Bearer (Formicid Fighter)     Turns: 7729, Time: 00:16:51

Health: 0/68       AC:  7    Str: 24    XL:     9   Next: 35%
Magic:  7/9        EV: 14    Int:  8    God:    Okawaru [*.....]
Gold:   307        SH: 13    Dex: 10    Spells: 8/8 levels left

rFire    . . .     SeeInvis +   a - +0 long sword
rCold    + . .     Gourm    .   c - +0 shield
rNeg     + . .     Faith    .   n - +0 ring mail
rPois    .         Spirit   .   (helmet unavailable)
rElec    .         Reflect  .   (no cloak)
rCorr    .         Harm     .   (no gloves)
MR       .....                  (no boots)
Stlth    +++.......             (no amulet)
HPRegen  0.21/turn              o - ring of protection from cold
MPRegen  0.11/turn              u - ring of positive energy

@: lethally poisoned (0 -> 0), heroism
A: permanent stasis, dig shafts and tunnels, four strong arms, antennae 3
a: Dig, Shaft Self, Heroism, Renounce Religion


You were on level 7 of the Dungeon.
You worshipped Okawaru.
Okawaru was aware of your devotion.
You were very hungry.

You visited 2 branches of the dungeon, and saw 8 of its levels.

You collected 373 gold pieces.
You spent 66 gold pieces at shops.

Inventory:

Hand Weapons
 a - a +0 long sword (weapon)
Missiles
 t - 83 stones (quivered)
Armour
 b - a +0 scale mail
 c - a +0 shield (worn)
 n - a +0 ring mail (worn)
Jewellery
 i - an uncursed ring of ice
 k - a cursed ring of teleportation
 o - a ring of protection from cold (left hand)
 u - a ring of positive energy (right hand)
Scrolls
 j - a scroll of remove curse {unknown}
 m - 3 scrolls of enchant weapon {unknown}
 p - a scroll of random uselessness {unknown}
 q - a scroll of identify
 r - a scroll of enchant armour {unknown}
 s - a scroll of magic mapping {unknown}
 w - 2 scrolls of teleportation {unknown}
 x - a scroll of immolation {unknown}
Potions
 d - a potion of might
 e - a potion of degeneration
 g - 3 potions of heal wounds
 h - 4 potions of curing
 l - a potion of mutation {unknown}
 v - a potion of ambrosia {unknown}
 z - a potion of resistance
Books
 y - a book of Callings

   Spells                             Type                      Level
   a - Summon Small Mammal            Summoning                    1
   b - Call Imp                       Summoning                    2
   c - Call Canine Familiar           Summoning                    3
   d - Summon Guardian Golem          Hexes/Summoning              3
   e - Summon Lightning Spire         Summoning/Air                4
   f - Summon Ice Beast               Ice/Summoning                4
Comestibles
 f - 15 rations


   Skills:
 + Level 5.0(10.0) Fighting
 + Level 7.3(12.3) Long Blades
 + Level 6.2(11.2) Armour
 + Level 2.8(7.8) Dodging
 + Level 1.9(6.9) Stealth
 + Level 7.8(12.8) Shields


You had 8 spell levels left.
You didn't know any spells.

Dungeon Overview and Level Annotations

Branches:
Dungeon (7/15)             Temple (1/1) D:5

Altars:
Ashenzari
Elyvilon
Gozag
Kikubaaqudgha
Okawaru
Ru
Sif Muna
Wu Jian
Xom
The Shining One

Shops:
D:4 %*}(*

Annotations:
D:2 Sigmund
D:7 Dowan, Duvessa


Innate Abilities, Weirdness & Mutations

You cannot be hasted, slowed, berserked, paralysed or teleported.
You can dig through walls and to a lower floor.
Your four strong arms can wield two-handed weapons with a shield.
You have a pair of large antennae on your head. (SInv)


Message History

A bullfrog and an ogre come into view.
The ogre shouts!
The bullfrog croaks.
Found 12 stones and 18 gold pieces.
There is a stone staircase leading up here.
You gain the combat prowess of a mighty hero.
You block the ogre's attack.
You hear a zap.
You hear a grinding noise.
The worker ant misses you.
You riposte.
You hit the worker ant.
The worker ant is severely wounded.
A necrophage and a skeleton come into view.
You feel sick. The bullfrog hits you.
* * * LOW HITPOINT WARNING * * *
The bullfrog misses you. You block the bullfrog's attack.
The worker ant barely misses you.
You open the door.
You feel sick. You block the bullfrog's attack.
The necrophage closely misses you.
The worker ant bites you but does no damage.
The bullfrog hits you.
You die...

......#.......#
.....#.....$.#
#..##.......#
##..##.......#
#.....<......#
#.........(...
#.............
#.naO.........
{+.@FZ.........
##'###........
... #...###+#
.....#...#
......#.....
.).....# ####
..).##### .....


You could see an ogre, a necrophage, a bullfrog, a worker ant and a centaur
skeleton.

Vanquished Creatures
  The ghost of Rhok the Conjurer, an amateur DECj (D:3)
  3 sky beasts
  A centaur (D:5)
  4 bullfrogs
  A water moccasin skeleton (D:4)
  A scorpion (D:6)
  A wight (D:6)
  A quasit (D:4)
  5 crimson imps
  2 orc priests
  A centaur skeleton (D:6)
  2 hounds
  2 jellies
  6 orc wizards
  A bullfrog skeleton (D:5)
  Jessica (D:2)
  Terence (D:3)
  An iguana (D:6)
  4 worker ants
  A hound skeleton (D:6)
  13 adders
  2 shadow imps (D:6)
  5 oozes
  2 worms
  3 dart slugs
  4 leopard geckos
  15 orcs
  2 ball pythons
  7 bats
  6 giant cockroaches
  7 goblins
  4 hobgoblins
  3 jackals (D:1)
  2 frilled lizards
  A jackal zombie (D:7)
  10 kobolds
  4 rats
130 creatures vanquished.

Vanquished Creatures (others)
  A quokka (D:4)
1 creature vanquished.

Grand Total: 131 creatures vanquished

Notes
Turn   | Place    | Note
-------+----------+-------------------------------------------
     0 | D:1      | garbagetei the Formicid Fighter began the quest for the Orb.
     0 | D:1      | Reached XP level 1. HP: 18/18 MP: 1/1
    59 | D:1      | Reached XP level 2. HP: 10/24 MP: 2/2
   527 | D:1      | Reached XP level 3. HP: 29/29 MP: 3/3
  1170 | D:2      | Noticed Sigmund
  1170 | D:2      | Noticed an ice beast
  1240 | D:1      | Reached XP level 4. HP: 32/37 MP: 4/4
  1851 | D:2      | Found a sacrificial altar of Ru.
  2059 | D:2      | Reached XP level 5. HP: 42/42 MP: 5/5
  2061 | D:2      | Noticed Jessica
  2070 | D:2      | Killed Jessica
  2678 | D:3      | Noticed Terence
  2687 | D:3      | Killed Terence
  2748 | D:3      | Reached XP level 6. HP: 42/48 MP: 6/6
  3013 | D:3      | Reached skill level 5 in Shields
  3096 | D:3      | Noticed Rhok's ghost (amateur DECj)
  3117 | D:3      | Killed Rhok's ghost
  3117 | D:3      | Reached skill level 1 in Dodging
  3441 | D:3      | Reached XP level 7. HP: 54/54 MP: 7/7
  3836 | D:4      | Found Wiesihou's General Store.
  3838 | D:4      | Found Jityir's Food Emporium.
  3888 | D:5      | Entered Level 5 of the Dungeon
  4016 | D:4      | Found Xaomn's Weapon Shoppe.
  4405 | D:4      | Reached skill level 5 in Long Blades
  4588 | D:4      | Found Cusa's Assorted Antiques.
  4960 | D:6      | Reached XP level 8. HP: 57/60 MP: 8/8
  5172 | D:4      | Reached skill level 5 in Armour
  5172 | D:4      | Reached skill level 1 in Stealth
  5267 | D:4      | Found Sodalo's Gadget Emporium.
  5343 | D:4      | Bought a scroll of identify for 22 gold pieces
  5343 | D:4      | Bought a scroll of identify for 22 gold pieces
  5346 | D:4      | Bought a scroll of identify for 22 gold pieces
  5483 | D:4      | Found a white marble altar of Elyvilon.
  5974 | D:5      | Found a staircase to the Ecumenical Temple.
  5990 | Temple   | Entered the Ecumenical Temple
  6074 | Temple   | Became a worshipper of Warmaster Okawaru
  6724 | D:7      | Noticed Duvessa
  6725 | D:7      | Noticed Dowan
  6848 | D:6      | Reached XP level 9. HP: 58/67 MP: 9/9
  6890 | D:6      | Reached * piety under Okawaru
  7575 | D:6      | Reached skill level 5 in Fighting
  7729 | D:7      | Slain by a bullfrog

Skill      XL: |  1  2  3  4  5  6  7  8  9 |
---------------+----------------------------+-----
Shields        | 4 5 6 7 |  7.8
Armour         | 4 5 6 |  6.2
Long Blades    | 3 4 5 6 7 |  7.3
Fighting       | 4 5 |  5.0
Dodging        | 1 2 |  2.8
Stealth        | 1 |  1.9

Action                   |  1- 3 |  4- 6 |  7- 9 || total
-------------------------+-------+-------+-------++-------
Melee: Long sword        |    93 |   177 |   319 ||   589
Invok: Heroism           |       |       |     1 ||     1
  Use: Scroll            |     2 |     3 |     4 ||     9
  Eat: Chunk             |       |     8 |    10 ||    18
       Ration            |       |       |     1 ||     1
Armor: Scale mail        |    57 |    43 |       ||   100
       Ring mail         |       |    38 |    93 ||   131
Dodge: Dodged            |    42 |    78 |   119 ||   239
Block: Shield            |    64 |   118 |   188 ||   370
       Rpst.: Long sword |    14 |    20 |    32 ||    66
